 Dungeon Crawl Stone Soup version 0.32-a0-886-g41c5271027 (webtiles) character file.

Game seed: 11567536424008054981

2594394 DimondSprtn the Intangible (level 27, 174/174 HPs)
             Began as a Felid Alchemist on Apr 2, 2024.
             Was the Champion of Nemelex Xobeh.
             Escaped with the Orb
             ... and 5 runes on Apr 3, 2024!
             The game lasted 06:25:52 (97602 turns).

DimondSprtn the Intangible (Felid Alchemist)       Turns: 97602, Time: 06:25:52

Health: 174/174    AC:  5    Str:  9 (10) XL:     27
Magic:  37/52      EV: 40    Int: 41      God:    Nemelex Xobeh [******]
Gold:   6739       SH:  0    Dex: 19 (20) Spells: 0/56 levels left
                                        Lives:  1   Deaths: 8

rFire   + .          .
                       - Unarmed
rCold   + . .        (shield unavailable)
rNeg    + . .        (body armour unavailable)
rPois   +            (helmet unavailable)
rElec   +            (cloak unavailable)
rCorr   .            (gloves unavailable)
SInv    +            (boots unavailable)
Will    ++++.        R - amulet of Charity {rF+ RegenMP+ Dex+2}
Stlth   +            B - ring of magical power
HPRegen 1.29/turn    N - ring "Gaczoguz" {rElec rPois Str+2 Int+8 Slay-3}
MPRegen 0.73/turn

%: no passive effects
@: blade hands
A: very small, (claws 1), fangs 3, see invisible, shaggy fur 3, (stealthy paws),
no weapons or thrown items, no armour, multi-lived, iridescent scales 1,
deterioration 2, poison resistance, regeneration 1, strong 1, inability to drink
after injury 1, inability to read after injury 1, persistent drain
0: Orb of Zot
}: 5/15 runes: serpentine, barnacled, slimy, silver, abyssal
a: Begin Untransformation, Renounce Religion, Draw Escape, Draw Destruction,
Draw Summoning, Draw Stack, Triple Draw, Deal Four, Stack Five


You escaped.
You worshipped Nemelex Xobeh.
Nemelex Xobeh was exalted by your worship.
You had blades for front paws.
You visited 12 branches of the dungeon, and saw 56 of its levels.
You visited the Abyss 7 times.
You also visited: Trove, Ice Cave, Volcano and Wizlab.

You collected 9328 gold pieces.
You spent 2589 gold pieces at shops.

Inventory:

Jewellery
 i - the amulet "Ajuusho" {rPois RegenMP+ Dex+4}
   (You acquired it on level 2 of the Snake Pit)

   [amulet of magic regeneration]

   It increases your rate of magic regeneration.
   Dex+4:     It affects your dexterity (+4).
   rPois:     It protects you from poison.
   RegenMP+:  It increases your rate of magic regeneration.
 B - a ring of magical power (left blade hand)
 H - the ring "Juewekk" {rPois rF+ Dex+6}
   (You bought it in a shop on level 2 of the Orcish Mines)

   [ring of protection from fire]

   Dex+6:     It affects your dexterity (+6).
   rF+:       It protects you from fire.
   rPois:     It protects you from poison.
 I - the ring of Joama {rF+ rC+ Stlth+}
   (You found it on level 5 of the Pits of Slime)

   [ring of protection from fire]

   rF+:       It protects you from fire.
   rC+:       It protects you from cold.
   Stlth+:    It makes you more stealthy.
 N - the ring "Gaczoguz" (right blade hand) {rElec rPois Str+2 Int+8 Slay-3}
   (You found it in a treasure trove)

   [ring of poison resistance]

   Str+2:     It affects your strength (+2).
   Int+8:     It affects your intelligence (+8).
   Slay-3:    It affects your accuracy & damage with ranged weapons and melee
   (-3).
   rElec:     It insulates you from electricity.
   rPois:     It protects you from poison.
 R - the amulet of Charity (around neck) {rF+ RegenMP+ Dex+2}
   (You found it in an ice cave)

   [amulet of magic regeneration]

   It increases your rate of magic regeneration.
   Dex+2:     It affects your dexterity (+2).
   rF+:       It protects you from fire.
   RegenMP+:  It increases your rate of magic regeneration.
 S - the ring "Ceggen Vueli" {AC+4 Stlth+}
   (You found it on level 5 of the Vaults)

   [ring of protection]

   AC+4:      It affects your AC (+4).
   Stlth+:    It makes you more stealthy.
 T - the ring "Surorari" {rElec Str+6 Dex+3 Stlth-}
   (You took it off a merfolk on level 4 of the Shoals)

   [ring of strength]

   Str+6:     It affects your strength (+6).
   Dex+3:     It affects your dexterity (+3).
   rElec:     It insulates you from electricity.
   Stlth-:    It makes you less stealthy.
 U - the ring of Lepniyppi {rElec rPois rN+ Will+ Dex-2}
   (You took it off a draconian knight in an ice cave)

   [ring of positive energy]

   Dex-2:     It affects your dexterity (-2).
   rElec:     It insulates you from electricity.
   rPois:     It protects you from poison.
   rN+:       It protects you from negative energy.
   Will+:     It increases your willpower.
 W - the ring of Intercession {rC- rN++ rCorr Dex+6 SInv}
   (You took it off a skeletal warrior on level 3 of the Crypt)

   [ring of see invisible]

   Dex+6:     It affects your dexterity (+6).
   rC-:       It makes you vulnerable to cold.
   rN++:      It greatly protects you from negative energy.
   SInv:      It lets you see invisible.
   rCorr:     It protects you from acid and corrosion.
 X - the ring "Vexo" {Fly rF- rN++ rCorr Int+3 Dex+6}
   (You found it on level 3 of the Crypt)

   [ring of dexterity]

   Int+3:     It affects your intelligence (+3).
   Dex+6:     It affects your dexterity (+6).
   rF-:       It makes you vulnerable to fire.
   rN++:      It greatly protects you from negative energy.
   Fly:       It grants you flight.
   rCorr:     It protects you from acid and corrosion.
Talismans
 v - the blade talisman of the Barracuda (active) {rElec rN+ Int+3}
   (You found it on level 2 of the Elven Halls)

   [blade talisman]

   Int+3:     It affects your intelligence (+3).
   rElec:     It insulates you from electricity.
   rN+:       It protects you from negative energy.
Wands
 g - a wand of quicksilver (28)
 h - a wand of iceblast (61)
 m - a wand of paralysis (70)
 u - a wand of mindburst (45)
 x - a wand of digging (30)
 z - a wand of flame (182)
 K - a wand of polymorph (44)
Scrolls
 b - 4 scrolls of butterflies
 f - 6 scrolls of amnesia
 k - 4 scrolls of fear
 n - 12 scrolls of poison
 o - 11 scrolls of immolation
 p - 21 scrolls of teleportation
 q - 6 scrolls of silence
 t - 9 scrolls of vulnerability
 y - 9 scrolls of blinking
 J - 18 scrolls of revelation
 M - 6 scrolls of fog
 Q - 8 scrolls of torment
Potions
 a - 3 potions of magic
 c - 31 potions of curing
 d - 13 potions of attraction
 e - 12 potions of might
 j - a potion of mutation
 l - 6 potions of berserk rage
 r - 12 potions of haste
 s - 3 potions of ambrosia
 w - 13 potions of heal wounds
 D - 10 potions of enlightenment
 E - 9 potions of lignification
 F - 7 potions of invisibility
 L - 9 potions of cancellation
 V - 2 potions of resistance
Miscellaneous
 G - a phantom mirror
 O - a tin of tremorstones (2/2)
 P - a lightning rod (4/4)
 Y - a sack of spiders
 Z - a Gell's gravitambourine (2/2)


   Skills:
 O Level 27 Fighting
 O Level 27 Dodging
 - Level 2.6 Stealth
 - Level 10.0 Unarmed Combat
 - Level 15.0 Spellcasting
 - Level 12.0 Conjurations
 - Level 3.0 Fire Magic
 - Level 12.0 Ice Magic
 - Level 8.0 Air Magic
 - Level 25.0 Earth Magic
 - Level 9.0 Alchemy
 + Level 11.4 Invocations
 - Level 10.0 Shapeshifting


You couldn't memorise any spells.
You knew the following spells:

 Your Spells              Type           Power      Damage    Failure   Level
a - Irradiate             Conj/Alch      43%        3d26      1%          5
b - Lehudib's Crystal Sp  Conj/Erth      55%        10d13     3%          8
c - Ozocubu's Refrigerat  Ice            46%        4d17      6%          7
d - Lee's Rapid Deconstr  Erth           62%        3d29*     0%          5
e - Shatter               Erth           62%        3d46*     3%          9
f - Lesser Beckoning      Tloc           60%        N/A       1%          2
g - Fulminant Prism       Conj/Alch      43%        3d19      1%          4
h - Ozocubu's Armour      Ice            92%        N/A       1%          3
i - Permafrost Eruption   Ice/Erth       55%        2x4d12    1%          6
j - Arcjolt               Conj/Air       42%        1d52      1%          5
k - Blink                 Tloc           60%        N/A       1%          2

Your spell library contained the following spells:

 Spells                   Type           Power      Damage    Failure   Level
 Freeze                   Ice            100%       1d10      0%          1
 Magic Dart               Conj           100%       1d8       0%          1
 Shock                    Conj/Air       100%       1d9       0%          1
 Sting                    Conj/Alch      100%       1d9       0%          1
 Searing Ray              Conj           100%       2d8       0%          2
 Passwall                 Erth           100%       N/A       0%          3
 Stone Arrow              Conj/Erth      100%       3d13      0%          3
 Leda's Liquefaction      Alch/Erth      53%        N/A       0%          4
 Petrify                  Alch/Erth      100%       N/A       0%          4
 Apportation              Tloc           60%        N/A       1%          1
 Foxfire                  Conj/Fire      100%       2x1d9     1%          1
 Kiss of Death            Conj/Necr      100%       2d13      1%          1
 Necrotise                Necr           100%       1d9       1%          1
 Slow                     Hex            100%       N/A       1%          1
 Summon Small Mammal      Summ           100%       N/A       1%          1
 Call Imp                 Summ           60%        N/A       1%          2
 Cigotuvi's Dreadful Rot  Necr/Alch/Air  100%       N/A       1%          2
 Ensorcelled Hibernation  Hex/Ice        100%       N/A       1%          2
 Jinxbite                 Hex            60%        N/A       1%          2
 Mercury Vapours          Alch/Air       100%       N/A       1%          2
 Scorch                   Fire           100%       2d9       1%          2
 Static Discharge         Conj/Air       100%       3-8/arc   1%          2
 Sublimation of Blood     Necr           30%        N/A       1%          2
 Dazzling Flash           Conj/Hex       100%       N/A       1%          3
 Frozen Ramparts          Ice            100%       1d16      1%          3
 Hailstorm                Conj/Ice       92%        3d15      1%          3
 Inner Flame              Hex/Fire       43%        N/A       1%          3
 Mephitic Cloud           Conj/Alch/Air  83%        N/A       1%          3
 Summon Ice Beast         Ice/Summ       68%        N/A       1%          3
 Swiftness                Air            77%        N/A       1%          3
 Volatile Blastmotes      Fire/Tloc      86%        2d17      1%          3
 Airstrike                Air            38%        2d(6-22)  1%          4
 Flame Wave               Conj/Fire      75%        2d17      1%          4
 Iskenderun's Mystic Bla  Conj/Tloc      68%        2d14      (+2d71%     4
 Olgreb's Toxic Radiance  Alch           81%        N/A       1%          4
 Sticky Flame             Fire/Alch      68%        2d11      1%          4
 Summon Lightning Spire   Summ/Air       59%        N/A       1%          4
 Vhi's Electric Charge    Tloc/Air       100%       N/A       1%          4
 Alistair's Intoxication  Alch           54%        N/A       1%          5
 Borgnjor's Vile Clutch   Necr/Erth      46%        N/A       1%          5
 Fireball                 Conj/Fire      37%        3d15      1%          5
 Freezing Cloud           Conj/Ice/Air   43%        6-21      1%          5
 Bombard                  Conj/Erth      55%        9d9       1%          6
 Sculpt Simulacrum        Ice/Alch       43%        N/A       1%          6
 Metabolic Englaciation   Hex/Ice        34%        N/A       2%          5
 Conjure Ball Lightning   Conj/Air       42%        3x3d15    2%          6
 Call Canine Familiar     Summ           30%        N/A       3%          3
 Confusing Touch          Hex            30%        N/A       3%          3
 Fugue of the Fallen      Necr           30%        N/A       3%          3
 Maxwell's Portable Pile  Tloc           30%        2d(8-22)  3%          3
 Sigil of Binding         Hex            30%        N/A       3%          3
 Teleport Other           Tloc           30%        N/A       3%          3
 Tukima's Dance           Hex            30%        N/A       3%          3
 Vampiric Draining        Necr           30%        2d8       3%          3
 Eringya's Noxious Bog    Alch           40%        4d6       3%          6
 Yara's Violent Unravell  Hex/Alch       30%        3d13      4%          5
 Summon Blazeheart Golem  Fire/Summ      43%        N/A       5%          4
 Orb of Destruction       Conj           46%        9d12      6%          7
 Starburst                Conj/Fire      37%        6d11      7%          6
 Anguish                  Hex/Necr       15%        N/A       10%         4
 Cause Fear               Hex            15%        N/A       10%         4
 Martyr's Knell           Necr/Summ      30%        N/A       10%         4
 Passage of Golubria      Tloc           30%        N/A       10%         4
 Plasma Beam              Fire/Air       33%        2x1d46    16%         6
 Curse of Agony           Necr           30%        N/A       26%         5
 Summon Forest            Summ/Tloc      15%        N/A       26%         5
 Summon Mana Viper        Hex/Summ       30%        N/A       26%         5
 Spellforged Servitor     Conj/Summ      34%        N/A       56%         7
 Death Channel            Necr           15%        N/A       83%         6
 Dispersal                Tloc           15%        N/A       83%         6
 Gell's Gavotte           Tloc           15%        2d(18-26) 83%         6
 Summon Cactus Giant      Summ           15%        N/A       83%         6
 Maxwell's Capacitive Co  Air            38%        ∞         94%         8
 Enfeeble                 Hex            15%        N/A       100%        7
 Haunt                    Necr/Summ      15%        N/A       100%        7
 Malign Gateway           Summ/Tloc      15%        N/A       100%        7
 Manifold Assault         Tloc           15%        N/A       100%        7
 Monstrous Menagerie      Summ           15%        N/A       100%        7
 Summon Hydra             Summ           15%        N/A       100%        7
 Borgnjor's Revivificati  Necr           15%        N/A       100%        8
 Discord                  Hex            15%        N/A       100%        8
 Disjunction              Tloc           15%        N/A       100%        8
 Summon Horrible Things   Summ           15%        N/A       100%        8
 Death's Door             Necr           15%        N/A       100%        9
 Dragon's Call            Summ           15%        N/A       100%        9
 Animate Armour           Summ/Erth      Unusable   N/A       N/A         4
 Dimensional Bullseye     Hex/Tloc       Unusable   N/A       N/A         4

Dungeon Overview and Level Annotations

Branches:
Dungeon (15/15)            Temple (1/1) D:4            Lair (5/5) D:11
 Shoals (4/4) Lair:2        Snake (4/4) Lair:2        Slime (5/5) Lair:4
    Orc (2/2) D:11            Elf (3/3) Orc:2        Vaults (5/5) D:14
  Crypt (3/3) Vaults:3       Tomb (0/3) Crypt:3      Depths (4/4) D:15
    Zot (5/5) Depths:4      IceCv (visited)         Volcano (visited)
 WizLab (visited)

Altars:
Ashenzari
Cheibriados
Dithmenos
Elyvilon
Fedhas
Gozag
Hepliaklqana
Kikubaaqudgha
Makhleb
Nemelex Xobeh
Okawaru
Qazlal
Ru
Sif Muna
Trog
Uskayaw
Vehumet
Wu Jian
Xom
Yredelemnul
Zin
The Shining One
Jiyva
Lugonu

Shops:
D:7 (   D:10 :   Orc:1 =   Orc:2 ((==   Elf:1 =   Elf:2 [   Shoals:3 [(**(
Snake:2 :

Portals:
Hell: Depths:1 Depths:2 Depths:3 Depths:4
Abyss: Depths:1 Depths:3 Depths:4
Pandemonium: Depths:2 Depths:3
Ziggurat: Depths:2

Annotations:
Zot:4 3 runed translucent doors, 1 transporter, Grunn; Rennog's ghost, master TrFi
Abyss:1 Royal Jelly


Innate Abilities, Weirdness & Mutations

You have blades for front paws.
((You have sharp claws.))
You have razor-sharp teeth.
You have supernaturally acute eyesight. (SInv)
Your thick and shaggy fur keeps you warm. (AC +3, rC+)
((Your paws help you pounce on unaware monsters.))
You are incapable of wielding weapons or throwing items.
You cannot wear armour.
You gain extra lives every three experience levels.
You are partially covered in iridescent scales. (AC +2)
Your body often deteriorates upon taking damage.
Your system is resistant to poisons. (rPois)
Your natural rate of healing is unusually fast.
Your muscles are strong. (Str +4, Int/Dex -1)
You occasionally lose the ability to drink potions when taking damage.
You occasionally lose the ability to read scrolls when taking damage.
Your health recovers twice as slowly from being drained.


Message History

Piercing cold boils outward!
The piercing cold hits the shadow demon.
The shadow demon resists.
The shadow demon is heavily wounded.
Bitter cold erupts, blasting rock from the ceiling!
The mass of rock hits the shadow demon!
The shadow demon is almost dead.
Piercing cold boils outward!
The piercing cold hits the shadow demon.
The shadow demon resists.
The shadow demon is almost dead.
The shadow demon gestures.
Casting: Permafrost Eruption (safe; 1% risk of failure)
Press: ? - help, Q - select action, (/) - cycle Dir - look around, f - activate Bitter cold erupts, blasting rock from the ceiling!
The mass of rock hits the bat!
You kill the bat!
The bat's corpse dissolves into shadows!
Piercing cold boils outward!
The piercing cold hits the shadow demon.
The shadow demon resists.
You kill the shadow demon!
The hobgoblin dissolves into shadows!
A glowing orange brain comes into view.
There is an open door here.
Bitter cold erupts, blasting rock from the ceiling!
The mass of rock hits the glowing orange brain!!
The glowing orange brain is moderately wounded.
Piercing cold boils outward!
The piercing cold hits the glowing orange brain!!
The glowing orange brain is severely wounded.
Bitter cold erupts, blasting rock from the ceiling!
The mass of rock hits the glowing orange brain!!!
You kill the glowing orange brain!
Piercing cold boils outward!
You close the door.
There is a fountain of clear blue water here.
There is an open door here.
There is a staircase leading out of the dungeon here.
You have escaped!

##.#.........#######.............
.............#.....#....#...(....
.............#.ß.ß.##...##.......
....##.......#..ß...######.......
..####..###..#.ß.ß...## ##.#.####
### #...###..#........###..#)# #
###.#......#.###.⌠.⌠.#..##.#
###...#>###>.#.+.#.....#..##.#
#.....#.# #..#.#@#..ß..+.###.#
#.#.##..###..#.'.#.....### #.#
..#.##.###..##.###.⌠.⌠.# ##.#
)##....###..##........## #..#
###........###.ß.ß...## #.##
....######.# #..ß...## #.# ....##
#.# #.ß.ß.## ####.####
.....#####.###.....# ##.......##
.............####### ##.........#


There were no monsters in sight!

Vanquished Creatures
  Dissolution (Slime:2)
  6 dread liches
  5 orbs of fire
  6 ancient liches
  7 Killer Klowns (Zot:5)
  Xtahua (Vaults:5)
  Boris (twice) (Vaults:3 Depths:3)
  2 antique champions (WizLab)
  Parghit (Zot:4)
  Saint Roka (Vaults:2)
  2 curse toes
  Margery (Vaults:3)
  9 golden dragons
  4 bone dragons
  2 doom hounds (Zot:4)
  A profane servitor (Abyss:2)
  A shard shrike zombie (Crypt:2)
  4 electric golems
  Zenata (Vaults:3)
  14 tentacled monstrosities
  A hellephant (Vaults:3)
  The ghost of jkt the Acrobat, a veteran SpEn of Gozag (Elf:3)
  14 liches
  Mlioglotl (Shoals:3)
  11 quicksilver dragons
  A walking crystal tome (Depths:3)
  3 deep elf blademasters (Elf:3)
  A walking frostbound tome (Depths:4)
  26 Orb Guardians
  5 sphinxes
  3 deep elf master archers (Elf:3)
  Polyphemus (Shoals:2)
  3 titans
  3 krakens (Shoals:1)
  2 Executioners (Abyss:3)
  5 ancient champions
  12 tentacled starspawn
  21 acid blobs
  5 tengu reavers
  A thorn hunter (Abyss:3)
  14 death cobs
  Frances (Lair:2)
  11 shadow dragons
  17 storm dragons
  4 revenants
  3 nagarajas (Snake:4)
  14 rockslimes
  10 azure jellies
  15 vault wardens
  5 protean progenitors
  9 draconian monks
  A juggernaut zombie (Crypt:1)
  9 fire giants
  13 deep elf sorcerers
  7 draconian shifters
  3 balrugs
  5 draconian scorchers
  6 frost giants
  2 iron dragons
  7 draconian knights
  2 curse skulls
  2 angels
  6 ghost moths
  4 draconian stormcallers
  A spriggan defender (Depths:2)
  2 deep elf elementalists (Elf:3)
  7 draconian annihilators
  6 quicksilver oozes
  An orc warlord (Vaults:3)
  10 ghouls
  4 reapers
  15 ironbound preservers
  8 formless jellyfish
  4 ironbound thunderhulks
  An ophan (Abyss:3)
  26 stone giants
  A juggernaut skeleton (WizLab)
  A broodmother (Zot:1)
  A rockslime zombie (Crypt:1)
  6 vampire knights
  6 deep elf demonologists
  8 deep elf death magi
  15 very ugly things
  9 black draconians
  11 green draconians
  9 red draconians
  17 white draconians
  2 spark wasps (Depths:4)
  2 war gargoyles (Vaults:5)
  Azrael (D:13)
  2 bunyips
  3 minotaurs (Shoals:4)
  11 deep elf annihilators
  12 yellow draconians
  14 purple draconians
  3 blizzard demons
  Snorg (D:12)
  7 dire elephants
  11 eidola
  5 merfolk impalers
  15 fire dragons
  2 green deaths
  A quicksilver dragon zombie (Crypt:2)
  4 merfolk javelineers
  13 ettins
  The ghost of dcgchant the Frost Mage, a journeyman GnIE of Ashenzari (D:11)
  9 yaktaur captains
  2 entropy weavers
  14 deep elf high priests
  Josephine (Orc:1)
  44 vault guards
  18 jiangshi
  A shambling mangrove (Abyss:3)
  6 rakshasas
  A spriggan zombie (Crypt:2)
  11 hydras
  11 great orbs of eyes
  4 salamander tyrants
  Fannar (D:10)
  9 ice dragons
  A ghost crab (Crypt:3)
  3 hell beasts
  3 merfolk avatars
  4 anacondas
  8 centaur warriors
  6 ironbound frosthearts
  8 ogre magi
  5 catoblepae
  An Orb Guardian zombie (Crypt:2)
  4 spriggan air magi (Depths:4)
  23 two-headed ogres
  28 dancing weapons
  4 boulder beetles
  5 hell hogs
  A merfolk aquamancer (Shoals:2)
  The ghost of wildpjah the Spear-Bearer, a novice DrAr of Okawaru (D:9)
  2 death knights
  10 vampire magi
  11 satyrs
  4 death yaks (Shoals:2)
  12 tengu warriors
  10 deep troll earth magi
  7 thrashing horrors
  12 naga warriors
  A demonic crawler (Crypt:2)
  2 spriggans (Depths:4)
  4 orc high priests
  6 deep troll shamans
  An occultist (Abyss:3)
  3 spriggan berserkers
  Urug (Lair:1)
  5 soul eaters
  3 shock serpents (Snake:4)
  10 naga sharpshooters
  28 deep elf knights
  2 salamander mystics (Snake:4)
  18 sea snakes
  9 wretched stars
  2 titan skeletons
  21 hell knights
  12 iron trolls
  A fire crab (shapeshifter) (Abyss:3)
  36 skeletal warriors
  Amaemon (D:11)
  2 sixfirhies
  9 sun demons
  A goliath frog (Crypt:2)
  57 deep trolls
  A sea snake (shapeshifter) (Vaults:5)
  11 skysharks
  A death drake (Abyss:3)
  4 shadow wraiths
  9 flayed ghosts
  6 mana vipers
  5 glowing orange brains
  A glowing orange brain (shapeshifter) (Depths:2)
  A bunyip zombie (Crypt:2)
  6 arcanists
  2 spriggan simulacra
  15 deep elf archers
  A mana viper (shapeshifter) (Elf:3)
  2 shadow demons
  16 lindwurms
  An anaconda skeleton (Abyss:1)
  4 bog bodies (Crypt:3)
  8 naga ritualists
  13 ironbound convokers
  13 phantasmal warriors
  An obsidian bat (Abyss:3)
  16 necromancers
  18 harpies
  A lindwurm (shapeshifter) (Vaults:5)
  19 deep elf pyromancers
  A harpy (shapeshifter) (Elf:1)
  2 jorogumo zombies
  29 deep elf zephyrmancers
  Maurice (D:8)
  A shining eye (shapeshifter) (Elf:1)
  6 shining eyes
  2 will-o-the-wisps (Abyss:3)
  8 orc knights
  A wolf spider (Crypt:2)
  39 ugly things
  20 fauns
  An oklob plant (Lair:4)
  6 worldbinders (Abyss:3)
  A faun (shapeshifter) (Vaults:5)
  6 cyclopes
  18 manticores
  14 salamanders
  2 stone giant zombies
  A shock serpent zombie (Crypt:1)
  A jorogumo skeleton (Crypt:2)
  6 merfolk sirens
  38 moths of wrath
  13 naga magi
  6 elephants
  A meliai (D:11)
  3 guardian serpents
  2 rust devils
  8 water nymphs
  An apocalypse crab (Abyss:3)
  26 black mambas
  A torpor snail (Lair:5)
  17 vault sentinels
  15 smoke demons
  2 gargoyles
  5 eyes of devastation
  A water nymph (shapeshifter) (Vaults:5)
  22 large abominations
  4 orange demons
  13 cane toads
  A cane toad (shapeshifter) (D:13)
  2 centaur skeletons
  A white draconian zombie (Crypt:2)
  A mana viper skeleton (Crypt:3)
  4 storm dragon simulacra
  5 unseen horrors
  6 rime drakes
  A red draconian zombie (Crypt:3)
  9 komodo dragons
  27 yaktaurs
  A yaktaur (shapeshifter) (Elf:3)
  A kobold demonologist (D:11)
  An alligator snapping turtle skeleton (Crypt:1)
  4 efreet
  3 freezing wraiths
  3 red devils
  A grey draconian zombie (Crypt:1)
  2 trolls (shapeshifter)
  3 ice devils
  A pale draconian skeleton (Crypt:3)
  3 tormentors
  A red draconian skeleton (Crypt:1)
  4 golden dragon simulacra
  3 tengu conjurers
  A harpy zombie (Abyss:2)
  9 ancient zymes
  6 polar bears
  A bloated husk (Crypt:3)
  6 hornets
  A tarantella (Vaults:4)
  31 merfolk
  4 glass eyes
  13 trolls
  38 blink frogs
  A glass eye (shapeshifter) (Depths:3)
  A jumping spider (shapeshifter) (Vaults:5)
  12 dream sheep
  5 wind drakes
  16 raiju
  An ettin zombie (WizLab)
  A snapping turtle (shapeshifter) (Crypt:2)
  8 snapping turtles
  2 ettin skeletons
  A shadow (D:11)
  3 air elementals
  88 slime creatures
  A dire elephant simulacrum (Crypt:2)
  4 wyverns
  21 wraiths
  5 vampires
  9 water elementals
  2 naga simulacra
  35 yaks
  A culicivora (Vaults:4)
  10 ynoxinuls
  A black mamba skeleton (Crypt:2)
  2 spriggans (shapeshifter)
  18 starcursed masses
  10 basilisks
  A basilisk (shapeshifter) (Elf:1)
  4 fire bats (Abyss:3)
  A yak (shapeshifter) (Elf:2)
  3 fire elementals
  4 neqoxecs
  5 steam dragons
  5 wargs
  20 golden eyes
  2 hogs (shapeshifter)
  A redback (shapeshifter) (Vaults:4)
  3 redbacks
  11 chaos spawn
  Edmund (D:6)
  A harpy simulacrum (Abyss:2)
  12 vampire mosquitoes
  A deep troll zombie (WizLab)
  2 acid dragons
  18 water moccasins
  A cane toad zombie (Crypt:3)
  32 nagas
  A hydra simulacrum (Crypt:1)
  8 hell hounds
  13 orc warriors
  2 sky beasts
  An ettin simulacrum (Crypt:1)
  A black bear (D:11)
  9 ice dragon simulacra (IceCv)
  2 crocodiles (Vaults:1)
  22 small abominations
  25 laughing skulls
  5 centaurs
  28 ogres
  A boggart (D:8)
  A swamp dragon skeleton (WizLab)
  A blink frog zombie (Crypt:2)
  2 human skeletons (Vaults:1)
  A phantom (Crypt:2)
  5 kobold brigands
  4 brain worms
  Blork the orc (D:6)
  A weeping skull (Abyss:3)
  2 gnoll sergeants
  13 bullfrogs
  A cyclops zombie (WizLab)
  5 earth elementals
  4 scorpions
  A cyclops skeleton (WizLab)
  A polar bear zombie (Crypt:1)
  4 lindwurm simulacra (IceCv)
  22 killer bees
  A spriggan skeleton (Crypt:1)
  A howler monkey (D:9)
  2 electric eels (Snake:4)
  2 jellies
  2 quasits (Abyss:3)
  3 iron imps (Abyss:3)
  3 bombardier beetles
  4 gnoll boudas
  8 orc priests
  4 hounds
  Jessica (D:2)
  4 iguanas
  A hell rat (Crypt:2)
  17 orc wizards
  A sleepcap (D:8)
  A hound skeleton (Crypt:2)
  Robin (D:2)
  25 gnolls
  9 adders
  2 swamp drake skeletons
  A shadow imp (D:7)
  A white imp (Abyss:3)
  9 ufetubi
  A jelly zombie (Crypt:2)
  A ribbon worm (D:2)
  3 dart slugs
  44 orcs
  6 ball pythons
  5 endoplasms
  2 giant cockroaches
  15 goblins
  7 hobgoblins
  3 jackals (D:4)
  28 kobolds
  A quokka (D:3)
  3 training dummies (Shoals:3)
  6 bats
  5 frilled lizards
  A goblin skeleton (Crypt:1)
  6 rats
  2 rat skeletons
  12 aspiring fleshes
  12 starspawn tentacles (Abyss:3)
  5 tentacles (Shoals:1)
2741 creatures vanquished.

Vanquished Creatures (collateral kills)
  Bai Suzhen (Vaults:2)
  A profane servitor (Abyss:1)
  Nikola (Snake:1)
  A tentacled monstrosity (Vaults:5)
  A quicksilver dragon (Zot:3)
  A sphinx (Vaults:5)
  A shadow dragon (Vaults:5)
  An ironbound preserver (Vaults:1)
  A very ugly thing (Depths:2)
  A war gargoyle (Vaults:3)
  A white draconian (Zot:1)
  A crystal guardian (Vaults:3)
  A peacekeeper (Vaults:3)
  2 ironbound frosthearts (Vaults:2)
  4 dancing weapons
  A naga warrior (Snake:1)
  6 deep trolls
  An arcanist (Vaults:2)
  An ironbound convoker (Vaults:2)
  An orange crystal statue (IceCv)
  An obsidian bat (Orc:1)
  3 ugly things
  A salamander (Snake:1)
  A vault sentinel (Vaults:2)
  2 wraiths
  A naga (Snake:1)
  A black bear (D:4)
  2 lindwurm simulacra (IceCv)
  A hobgoblin (D:4)
42 creatures vanquished.

Vanquished Creatures (others)
  A large abomination (Abyss:3)
  141 fulminant prisms
  A lurking horror (Abyss:2)
  16 starspawn tentacles (Abyss:3)
  14 tentacles (Shoals:1)
173 creatures vanquished.

Grand Total: 2956 creatures vanquished

Notes
Turn   | Place    | Note
-------+----------+-------------------------------------------
     0 | D:1      | DimondSprtn the Felid Alchemist began the quest for the
                  | Orb.
     0 | D:1      | Reached XP level 1. HP: 9/9 MP: 4/4
     3 | D:1      | You fall into a shaft and drop 1 floor!
   448 | D:1      | Reached XP level 2. HP: 13/13 MP: 3/6
   453 | D:1      | Learned a level 2 spell: Mercury Vapours
   733 | D:2      | Reached skill level 1 in Conjurations
   993 | D:2      | Reached XP level 3. HP: 16/16 MP: 2/7
   997 | D:2      | Learned a level 3 spell: Mephitic Cloud
  1269 | D:2      | Reached skill level 1 in Air Magic
  1394 | D:2      | Noticed Jessica
  1404 | D:2      | Killed Jessica
  1405 | D:2      | Reached XP level 4. HP: 9/21 MP: 0/8
  1405 | D:2      | Gained a life (2 lives remaining)
  2095 | D:3      | Noticed Robin
  2240 | D:2      | Killed Robin
  2421 | D:3      | Reached XP level 5. HP: 24/24 MP: 1/9
  2946 | D:3      | Found a faded altar of an unknown god.
  2948 | D:3      | Found a shadowy altar of Dithmenos.
  2953 | D:3      | Prayed at the altar of an unknown god.
  2953 | D:3      | Became a worshipper of Nemelex Xobeh the Trickster
  2953 | D:3      | Reached * piety under Nemelex Xobeh
  3092 | D:4      | Received a gift from Nemelex Xobeh
  3627 | D:4      | Found a staircase to the Ecumenical Temple.
  3636 | Temple   | Entered the Ecumenical Temple
  3722 | D:4      | Found a white marble altar of Elyvilon.
  3860 | D:4      | Noticed a black bear
  3867 | D:4      | Gained mutation: You are covered in thick fur. (AC +2)
                  | [Felid growth]
  3867 | D:4      | Reached XP level 6. HP: 14/28 MP: 4/10
  4021 | D:4      | Reached skill level 5 in Alchemy
  4350 | D:4      | Reached ** piety under Nemelex Xobeh
  4620 | D:5      | Entered Level 5 of the Dungeon
  4828 | D:5      | Found a glowing golden altar of the Shining One.
  4952 | D:5      | Reached XP level 7. HP: 17/32 MP: 0/11
  4957 | D:5      | Learned a level 4 spell: Olgreb's Toxic Radiance
  5115 | D:5      | Noticed a two-headed ogre
  5419 | D:5      | Found a blossoming altar of Fedhas.
  5455 | D:5      | Found a shimmering altar of Xom.
  5461 | D:5      | Found a broken altar of Ashenzari.
  5462 | D:5      | Found a shimmering blue altar of Sif Muna.
  5464 | D:5      | Found a bloodstained altar of Trog.
  5465 | D:5      | Found an ancient bone altar of Kikubaaqudgha.
  5467 | D:5      | Found an opulent altar of Gozag.
  5471 | D:5      | Found a glowing silver altar of Zin.
  5511 | D:5      | Demolished by a two-headed ogre
  5511 | D:5      | Lost a life (1 life remaining)
  5512 | D:5      | Killed a two-headed ogre
  5513 | D:5      | Reached XP level 8. HP: 36/36 MP: 12/12
  5513 | D:5      | Gained a life (2 lives remaining)
  5578 | D:5      | Found a basalt altar of Yredelemnul.
  5733 | D:6      | Noticed Edmund
  5737 | D:6      | Shot with an arrow by a centaur
  5737 | D:6      | Lost a life (1 life remaining)
  6075 | D:6      | Received a gift from Nemelex Xobeh
  6224 | D:6      | Noticed Blork the orc
  6231 | D:6      | Killed Blork the orc
  6373 | D:6      | Killed Edmund
  6374 | D:6      | Reached skill level 5 in Dodging
  7048 | D:6      | Reached XP level 9. HP: 39/39 MP: 7/14
  7137 | D:6      | Learned a level 4 spell: Sticky Flame
  7440 | D:7      | Reached skill level 1 in Fire Magic
  7480 | D:7      | Found Xaugol Joff's Antique Weapon Shop.
  7846 | D:7      | Reached skill level 1 in Fighting
  8124 | D:7      | Reached *** piety under Nemelex Xobeh
  8338 | D:7      | Received a gift from Nemelex Xobeh
  8525 | D:8      | Noticed a two-headed ogre
  8537 | D:8      | Killed a two-headed ogre
  8608 | D:8      | Noticed a troll
  8613 | D:8      | Reached skill level 5 in Spellcasting
  8613 | D:8      | Reached XP level 10. HP: 40/49 MP: 18/18
  8613 | D:8      | Gained a life (2 lives remaining)
  8614 | D:8      | Reached skill level 1 in Ice Magic
  8649 | D:8      | Learned a level 5 spell: Freezing Cloud
  8685 | D:8      | Noticed Maurice
  8724 | D:8      | Killed Maurice
  9230 | D:8      | Found the +7 staff of the Meek {protect, meekguard}
  9359 | D:9      | Found a runed translucent door.
  9370 | D:9      | Reached skill level 5 in Conjurations
  9370 | D:9      | Reached skill level 5 in Air Magic
  9374 | D:9      | Reached skill level 5 in Ice Magic
  9842 | D:9      | Received a gift from Nemelex Xobeh
  9989 | D:9      | Noticed wildpjah's ghost (novice DrAr)
 10166 | D:8      | Reached XP level 11. HP: 15/52 MP: 20/20
 10614 | D:9      | Identified the +0 quarterstaff of Thoughtfulness {flame,
                  | rCorr Int+3}
 10717 | D:10     | Entered Level 10 of the Dungeon
 10717 | D:10     | Noticed Fannar
 10780 | D:10     | Found Ejieseo's Book Shoppe.
 10788 | D:10     | Bought a book of Conjurations for 260 gold pieces
 10827 | D:10     | Received a gift from Nemelex Xobeh
 11324 | D:10     | Killed Fannar
 11468 | D:10     | Found a sparkling altar of Nemelex Xobeh.
 11753 | D:11     | Noticed Amaemon
 11769 | D:11     | Killed Amaemon
 11775 | D:11     | Learned a level 4 spell: Fulminant Prism
 11921 | D:11     | Noticed a cyan ugly thing
 11941 | D:11     | Killed a cyan ugly thing
 12221 | D:11     | Reached **** piety under Nemelex Xobeh
 12464 | D:11     | Noticed a centaur warrior
 12565 | D:11     | Identified the +3 broad axe "Wanaviec" {freeze, rC+ rCorr}
 12655 | D:11     | Killed a centaur warrior
 12805 | D:11     | Noticed an ogre mage
 12816 | D:11     | Killed an ogre mage
 13250 | D:11     | Found a staircase to the Lair.
 13298 | D:11     | Found a staircase to the Orcish Mines.
 13540 | D:11     | Gained mutation: Your thick and shaggy fur keeps you warm.
                  | (AC +3, rC+) [Felid growth]
 13540 | D:11     | Reached XP level 12. HP: 56/56 MP: 22/22
 13608 | D:11     | Found a runed translucent gate.
 13608 | D:11     | Found a runed translucent gate.
 13609 | D:11     | Found a runed translucent gate.
 13651 | D:11     | Noticed dcgchant's ghost (journeyman GnIE)
 13701 | Lair:1   | Entered Level 1 of the Lair of Beasts
 13701 | Lair:1   | Received a gift from Nemelex Xobeh
 14306 | Lair:1   | Noticed Urug
 14315 | Lair:1   | Killed Urug
 14603 | Lair:1   | Reached skill level 10 in Dodging
 14904 | Lair:1   | Received a gift from Nemelex Xobeh
 14910 | Lair:1   | Noticed a catoblepas
 14921 | Lair:1   | Killed a catoblepas
 15770 | Lair:2   | Noticed a four-headed hydra
 15988 | Lair:2   | Received a gift from Nemelex Xobeh
 16111 | Lair:2   | Found a staircase to the Snake Pit.
 16113 | Lair:2   | Reached XP level 13. HP: 42/63 MP: 24/24
 16256 | Lair:2   | Learned a level 3 spell: Ozocubu's Armour
 16334 | Lair:2   | Found a staircase to the Shoals.
 16341 | Lair:2   | Reached skill level 5 in Fighting
 17190 | Lair:3   | Reached ***** piety under Nemelex Xobeh
 17190 | Lair:3   | Received a gift from Nemelex Xobeh
 17286 | Lair:3   | Found a dark tunnel.
 17331 | Volcano  | Entered a volcano
 18102 | Lair:3   | Got the Atlas of the Horrible Icicle
 18174 | Lair:4   | Found a staircase to the Slime Pits.
 18175 | Lair:4   | Found a viscous altar of Jiyva.
 18222 | Lair:4   | Reached skill level 15 in Dodging
 18611 | Lair:4   | Received a gift from Nemelex Xobeh
 18681 | Lair:4   | Identified a scroll of acquirement
 19225 | Lair:4   | Received a gift from Nemelex Xobeh
 19426 | Lair:5   | Entered Level 5 of the Lair of Beasts
 20127 | Lair:5   | Reached XP level 14. HP: 68/75 MP: 25/25
 20512 | Lair:5   | Received a gift from Nemelex Xobeh
 20923 | Lair:5   | Reached skill level 10 in Fighting
 21731 | D:12     | Received a gift from Nemelex Xobeh
 22260 | D:12     | Found a portal to a secret trove of treasure.
 22285 | D:12     | You paid a toll of 3 potions of resistance to enter a
                  | treasure trove
 22286 | Trove    | Entered a treasure trove
 22286 | Trove    | Received a gift from Nemelex Xobeh
 22330 | Trove    | Identified the amulet "Nirchob" {*Slow rF+ RegenMP+ MP-9
                  | Dex+7}
 22332 | Trove    | Identified the ring "Gaczoguz" {rElec rPois Str+2 Int+8
                  | Slay-3}
 22586 | D:12     | Noticed Snorg
 22591 | D:12     | Killed Snorg
 22592 | D:12     | Reached skill level 1 in Invocations
 23101 | D:13     | Received a gift from Nemelex Xobeh
 23398 | D:13     | Reached skill level 5 in Invocations
 23692 | D:13     | Noticed Azrael
 23724 | D:13     | Killed Azrael
 24264 | D:13     | Mangled by a centaur warrior
 24264 | D:13     | Lost a life (1 life remaining)
 24894 | D:14     | Received a gift from Nemelex Xobeh
 24932 | D:14     | Received a gift from Nemelex Xobeh
 25012 | D:14     | Reached ****** piety under Nemelex Xobeh
 25028 | D:14     | Received a gift from Nemelex Xobeh
 25583 | D:14     | Found a gate to the Vaults.
 25747 | D:14     | Found a stormy altar of Qazlal.
 25796 | D:14     | Reached XP level 15. HP: 21/82 MP: 3/26
 25796 | D:14     | Gained a life (2 lives remaining)
 26034 | D:14     | Gained mutation: Your mind is acute. (Int +4, Str/Dex -1)
                  | [potion of mutation]
 26034 | D:14     | Gained mutation: You occasionally lose the ability to drink
                  | potions when taking damage. [potion of mutation]
 26034 | D:14     | Gained mutation: You sometimes lose the ability to drink
                  | potions when taking damage. [potion of mutation]
 26048 | D:15     | Entered Level 15 of the Dungeon
 26087 | D:15     | Received a gift from Nemelex Xobeh
 26520 | D:15     | Acquired 340 gold pieces
 26658 | Orc:1    | Entered Level 1 of the Orcish Mines
 26716 | D:11     | Learned a level 6 spell: Sculpt Simulacrum
 27062 | Orc:2    | Entered Level 2 of the Orcish Mines
 27157 | Orc:1    | Found Yconeif's Jewellery Boutique.
 27187 | Orc:1    | Received a gift from Nemelex Xobeh
 27242 | Orc:1    | Noticed Josephine
 27248 | Orc:1    | Killed Josephine
 27435 | Orc:2    | Found a staircase to the Elven Halls.
 27505 | Orc:2    | Reached skill level 10 in Ice Magic
 28145 | Orc:2    | Found Lyakor's Jewellery Emporium.
 28145 | Orc:2    | Found Pephek's Jewellery Shop.
 28147 | Orc:2    | Found Ciac's Weapon Boutique.
 28147 | Orc:2    | Found Baw Reg's Weapon Emporium.
 28166 | Orc:2    | Bought the ring "Juewekk" {rPois rF+ Dex+6} for 683 gold
                  | pieces
 28589 | D:9      | Killed wildpjah's ghost
 29471 | D:15     | Found a staircase to the Depths.
 29861 | Snake:1  | Entered Level 1 of the Snake Pit
 29861 | Snake:1  | Noticed Nikola
 29878 | Snake:1  | Killed Nikola
 30323 | Snake:1  | Found a glacial archway.
 30354 | IceCv    | Entered an ice cave
 30394 | IceCv    | Reached XP level 16. HP: 60/87 MP: 16/30
 30503 | IceCv    | Learned a level 5 spell: Irradiate
 30753 | IceCv    | Reached skill level 10 in Spellcasting
 30900 | IceCv    | Identified the ring of Lepniyppi {rElec rPois rN+ Will+
                  | Dex-2}
 31157 | IceCv    | Identified the amulet of Amelioration {Faith Stlth+}
 31160 | IceCv    | Identified the amulet of Charity {rF+ RegenMP+ Dex+2}
 31674 | Snake:1  | Found a radiant altar of Vehumet.
 32319 | Snake:2  | Received a gift from Nemelex Xobeh
 32968 | Snake:2  | Acquired the amulet "Ajuusho" {rPois RegenMP+ Dex+4}
 32987 | Snake:2  | Found Emev's Book Shoppe.
 33855 | Snake:3  | Received a gift from Nemelex Xobeh
 34137 | Snake:3  | Found a blossoming altar of Fedhas.
 34173 | Snake:3  | Reached skill level 1 in Earth Magic
 34180 | Snake:3  | Learned a level 6 spell: Permafrost Eruption
 34319 | Snake:3  | Identified the +0 leather armour of Marbles {Rampage +Inv
                  | rF+}
 34550 | Snake:4  | Entered Level 4 of the Snake Pit
 34987 | Snake:4  | Reached skill level 5 in Earth Magic
 35091 | Snake:4  | Received a gift from Nemelex Xobeh
 35127 | Snake:4  | Demolished by a naga warrior
 35127 | Snake:4  | Lost a life (1 life remaining)
 35297 | Snake:4  | Reached XP level 17. HP: 78/91 MP: 3/34
 35297 | Snake:4  | Gained a life (2 lives remaining)
 35883 | Snake:4  | Got a serpentine rune of Zot
 36160 | Shoals:1 | Entered Level 1 of the Shoals
 36164 | Shoals:1 | Noticed a kraken
 36217 | Shoals:1 | Killed a kraken
 36272 | Shoals:1 | Noticed a kraken
 36600 | Elf:1    | Entered Level 1 of the Elven Halls
 37143 | Elf:1    | Got Xadgh's Dissertation on Accomplices and Nonlocality
 37184 | Elf:1    | Received a gift from Nemelex Xobeh
 37322 | Elf:1    | Found Rocviacs's Jewellery Emporium.
 37392 | Elf:1    | Paralysed by an air elemental for 1 turns
 37859 | Elf:1    | Received a gift from Nemelex Xobeh
 38171 | Elf:2    | Found a huge runed translucent gate.
 38173 | Elf:2    | Found a huge runed translucent gate.
 38173 | Elf:2    | Found a huge runed translucent gate.
 38175 | Elf:2    | Found a huge runed translucent gate.
 38175 | Elf:2    | Found a huge runed translucent gate.
 38366 | Elf:2    | Found Maecross's Armour Shop.
 38616 | Elf:2    | Slain by a +2 scimitar of holy wrath
 38616 | Elf:2    | Lost a life (1 life remaining)
 39019 | Elf:2    | Received a gift from Nemelex Xobeh
 40188 | Elf:2    | Reached XP level 18. HP: 94/96 MP: 34/35
 40530 | Elf:2    | Identified the blade talisman of the Barracuda {rElec rN+
                  | Int+3}
 40807 | D:11     | Killed dcgchant's ghost
 40973 | Shoals:1 | Noticed Frances
 41178 | Vaults:1 | Entered Level 1 of the Vaults
 41383 | Vaults:1 | Received a gift from Nemelex Xobeh
 41579 | Vaults:1 | Identified the amulet "Kaoleuna" {+Inv rF+ RegenMP+}
 41836 | Vaults:1 | Identified the -1 long sword of Untimely Demise {pain,
                  | rPois Str+3 Stlth-}
 41973 | Vaults:1 | HP: 3/99 [yaktaur captain/bolt (14)]
 42231 | Vaults:1 | Received a gift from Nemelex Xobeh
 42333 | Vaults:1 | Found the +6 Majin-Bo {spellvamp, MP+6 Int+6}
 43350 | Snake:2  | Bought Maxwell's Memoranda for 418 gold pieces
 44356 | Vaults:2 | Reached XP level 19. HP: 44/106 MP: 12/38
 44356 | Vaults:2 | Gained a life (2 lives remaining)
 44362 | Vaults:2 | Learned a level 5 spell: Arcjolt
 44543 | Vaults:2 | Received a gift from Nemelex Xobeh
 44793 | Lair:2   | Killed Frances
 45188 | Shoals:1 | Acquired 705 gold pieces
 45553 | Shoals:1 | Received a gift from Nemelex Xobeh
 45565 | Shoals:2 | Reached skill level 15 in Fighting
 45630 | Shoals:2 | Reached skill level 1 in Shapeshifting
 45896 | Shoals:2 | Received a gift from Nemelex Xobeh
 45929 | Shoals:2 | Noticed Polyphemus
 45940 | Shoals:2 | Killed Polyphemus
 46448 | Shoals:2 | Received a gift from Nemelex Xobeh
 46480 | Shoals:2 | Reached skill level 5 in Shapeshifting
 47738 | Shoals:3 | Found Tiveiteg's Firing Range.
 47745 | Shoals:3 | Noticed Mlioglotl
 47750 | Shoals:3 | Killed Mlioglotl
 47902 | Shoals:3 | Received a gift from Nemelex Xobeh
 48041 | Shoals:3 | Found Hoazxet's Visitors' Centre.
 48051 | Shoals:3 | Found Hoazxet's Merfolk Armours.
 48185 | Shoals:3 | Bought a lightning rod (4/4) for 520 gold pieces
 48185 | Shoals:3 | Bought the Enchiridion on the Tundra for 312 gold pieces
 48347 | Shoals:4 | Entered Level 4 of the Shoals
 48722 | Shoals:4 | Identified the ring "Surorari" {rElec Str+6 Dex+3 Stlth-}
 49570 | Shoals:4 | Received a gift from Nemelex Xobeh
 49635 | Shoals:4 | Reached XP level 20. HP: 62/113 MP: 17/39
 49840 | Shoals:4 | Got the Omnibus of Rocky Ignition
 49855 | Shoals:4 | Reached skill level 10 in Shapeshifting
 49927 | Shoals:4 | Got a barnacled rune of Zot
 50923 | Vaults:2 | Noticed Bai Suzhen
 50941 | Vaults:2 | Killed Bai Suzhen
 51156 | Vaults:2 | Received a gift from Nemelex Xobeh
 51484 | Vaults:3 | Noticed Margery
 51497 | Vaults:2 | Noticed Saint Roka
 52072 | Vaults:2 | HP: 5/113 [Saint Roka/divine providence (13)]
 52084 | Vaults:2 | Killed from afar by Saint Roka
 52084 | Vaults:2 | Lost a life (1 life remaining)
 52142 | Vaults:2 | Killed Saint Roka
 52143 | Vaults:2 | Reached skill level 15 in Spellcasting
 52221 | Vaults:3 | Reached skill level 1 in Unarmed Combat
 52384 | Vaults:3 | Identified the -1 trident of Foux Iqut {freeze, rF++ Int+2}
 52602 | Vaults:2 | Learned a level 7 spell: Ozocubu's Refrigeration
 52695 | Vaults:3 | Reached skill level 5 in Unarmed Combat
 52890 | Vaults:3 | Received a gift from Nemelex Xobeh
 52978 | Vaults:3 | Found a staircase to the Crypt.
 53247 | Vaults:3 | Identified the +4 robe "Jaedak" {rC++}
 53247 | Vaults:3 | Noticed Boris
 53259 | Vaults:3 | Killed Boris
 53529 | Vaults:3 | Killed Margery
 54298 | Vaults:3 | Received a gift from Nemelex Xobeh
 54490 | Vaults:3 | Found the +9 sword of Power {lifebolt}
 54564 | Vaults:3 | Noticed Zenata
 54570 | Vaults:3 | Killed Zenata
 55196 | Vaults:4 | Identified the amulet of Zoafon {Acrobat SInv Stlth+}
 55230 | Vaults:4 | Received a gift from Nemelex Xobeh
 55323 | Vaults:4 | Reached XP level 21. HP: 119/119 MP: 22/41
 55379 | Vaults:4 | Identified the +0 chain mail "Galiog" {rPois}
 56459 | Vaults:5 | Entered Level 5 of the Vaults
 56459 | Vaults:5 | Received a gift from Nemelex Xobeh
 56462 | Vaults:5 | HP: 3/119 [vault guard/+3 battleaxe (30)]
 56466 | Vaults:5 | Killed from afar by a shadow dragon
 56466 | Vaults:5 | Lost a life (0 lives remaining)
 56544 | Vaults:5 | Noticed a golden dragon
 56545 | Vaults:5 | Noticed Xtahua
 56585 | Vaults:5 | Reached skill level 10 in Earth Magic
 56685 | Crypt:1  | Entered Level 1 of the Crypt
 57244 | Crypt:1  | Learned a level 5 spell: Lee's Rapid Deconstruction
 57441 | Crypt:1  | Received a gift from Nemelex Xobeh
 57682 | Crypt:1  | Identified the +1 mace "Boiromah" {freeze, Dex+3}
 58164 | Crypt:1  | Received a gift from Nemelex Xobeh
 59383 | Crypt:1  | Found an ancient bone altar of Kikubaaqudgha.
 59461 | Crypt:2  | Received a gift from Nemelex Xobeh
 59615 | Crypt:2  | Reached XP level 22. HP: 116/124 MP: 42/42
 59615 | Crypt:2  | Gained a life (1 life remaining)
 59670 | Crypt:2  | Found a runed translucent gate.
 59672 | Crypt:2  | Found a runed translucent gate.
 59673 | Crypt:2  | Found a runed translucent gate.
 60177 | Crypt:3  | Entered Level 3 of the Crypt
 60459 | Crypt:3  | Received a gift from Nemelex Xobeh
 61419 | Crypt:3  | Identified the ring of Intercession {rC- rN++ rCorr Dex+6
                  | SInv}
 62317 | Crypt:3  | Reached skill level 15 in Earth Magic
 62348 | Crypt:3  | Found a staircase to the Tomb.
 62740 | Crypt:3  | Noticed a dread lich
 62740 | Crypt:3  | Noticed an ancient lich
 62793 | Crypt:3  | Killed a dread lich
 62795 | Crypt:3  | Killed an ancient lich
 62860 | Crypt:3  | Noticed a dread lich
 62868 | Crypt:3  | Killed a dread lich
 62926 | Crypt:3  | Identified the ring "Vexo" {Fly rF- rN++ rCorr Int+3 Dex+6}
 62939 | Crypt:3  | Got Taun's Book of Coffins
 62949 | Crypt:3  | Identified the +2 cloak of Relativism {rPois rN+ Dex+3}
 63260 | Depths:1 | Entered Level 1 of the Depths
 63868 | Depths:1 | Received a gift from Nemelex Xobeh
 63872 | Depths:1 | Found a hide-covered altar of Uskayaw.
 64165 | Depths:1 | Found a one-way gate to the infinite horrors of the Abyss.
 64272 | Depths:1 | Identified the +1 demon blade of Linearity {drain, *Noise
                  | Str+2 Int+3}
 64882 | Snake:2  | Bought a book of Armaments for 396 gold pieces
 65419 | Depths:1 | Found a gateway to Hell.
 65698 | Depths:2 | Received a gift from Nemelex Xobeh
 65835 | Depths:2 | Found a one-way gate leading to the halls of Pandemonium.
 66324 | Depths:2 | Reached XP level 23. HP: 128/128 MP: 23/43
 66747 | Depths:2 | Found a sparkling altar of Nemelex Xobeh.
 66807 | Depths:2 | Found a one-way gateway to a ziggurat.
 67568 | Depths:2 | Learned a level 8 spell: Lehudib's Crystal Spear
 68016 | Depths:2 | Found a stormy altar of Qazlal.
 68144 | Depths:3 | Received a gift from Nemelex Xobeh
 68682 | Depths:3 | Identified the +3 robe of the Exiled Visionaries {rN+
                  | Regen+}
 68682 | Depths:3 | Noticed Boris
 69266 | Depths:2 | Learned a level 9 spell: Shatter
 69630 | Depths:3 | Found the +18 shield of the Gong {Loud rN+ Will+ rCorr
                  | EV-5}
 69962 | Depths:3 | Killed Boris
 70176 | Depths:3 | Found a corrupted altar of Lugonu.
 70305 | Depths:3 | Found a shadowy altar of Dithmenos.
 70519 | Depths:4 | Entered Level 4 of the Depths
 70764 | Depths:4 | Received a gift from Nemelex Xobeh
 70961 | Depths:4 | Found a magical portal.
 70975 | WizLab   | Entered Zonguldrok's Shrine
 71112 | WizLab   | Reached XP level 24. HP: 133/133 MP: 42/43
 71589 | WizLab   | Noticed an antique champion
 71589 | WizLab   | Noticed an antique champion
 71591 | WizLab   | Found the +8 orange crystal plate armour {Archmagi, Int+3
                  | Clar}
 71592 | WizLab   | Killed an antique champion
 71594 | WizLab   | Killed an antique champion
 71754 | WizLab   | Identified the +3 tower shield of Tempters {rPois Will-
                  | Regen+ Dex+4}
 72173 | Depths:4 | Found a gate to the Realm of Zot.
 72480 | Depths:4 | Found a glowing silver altar of Zin.
 72491 | Depths:4 | Found a runed translucent door.
 72615 | Depths:4 | Received a gift from Nemelex Xobeh
 73479 | Elf:3    | Entered Level 3 of the Elven Halls
 73745 | Elf:3    | Received a gift from Nemelex Xobeh
 74803 | Elf:3    | Received a gift from Nemelex Xobeh
 74820 | Elf:3    | Found a runed translucent door.
 74820 | Elf:3    | Noticed jkt's ghost (veteran SpEn)
 75197 | Elf:3    | Killed jkt's ghost
 75825 | Vaults:5 | Identified the amulet of Liberty {Reflect +Inv Regen+ SH+5
                  | SInv}
 75825 | Vaults:5 | Noticed a dread lich
 75827 | Vaults:5 | Killed a dread lich
 76651 | Vaults:5 | Reached XP level 25. HP: 105/137 MP: 29/43
 76651 | Vaults:5 | Gained a life (2 lives remaining)
 77086 | Vaults:5 | Reached skill level 10 in Conjurations
 77147 | Vaults:5 | Killed Xtahua
 77206 | Vaults:5 | Noticed an ancient lich
 77211 | Vaults:5 | Killed an ancient lich
 77215 | Vaults:5 | Learned a level 2 spell: Lesser Beckoning
 77399 | Vaults:5 | Noticed a dread lich
 77402 | Vaults:5 | Killed a dread lich
 77445 | Vaults:5 | Received a gift from Nemelex Xobeh
 77710 | Vaults:5 | Identified the ring "Ceggen Vueli" {AC+4 Stlth+}
 77893 | Vaults:5 | Found the +0 pair of gloves of the gadgeteer {Gadgeteer
                  | Wandboost ^Fragile}
 77995 | Vaults:5 | Got a silver rune of Zot
 78275 | Vaults:5 | Received a gift from Nemelex Xobeh
 78738 | Slime:1  | Entered Level 1 of the Pits of Slime
 79107 | Slime:1  | Received a gift from Nemelex Xobeh
 79448 | Slime:2  | Noticed Dissolution
 79451 | Slime:2  | Killed Dissolution
 79560 | Slime:2  | Gained mutation: You sometimes lose your temper in combat.
                  | [a shining eye]
 79630 | Slime:2  | Gained mutation: Your spells are a little easier to cast,
                  | but a little less powerful. [a shining eye]
 80127 | Slime:3  | Gained mutation: You occasionally lose the ability to read
                  | scrolls when taking damage. [a shining eye]
 80128 | Slime:3  | Gained mutation: Your body sometimes deteriorates upon
                  | taking damage. [a shining eye]
 80662 | Slime:3  | Received a gift from Nemelex Xobeh
 81663 | Slime:4  | Received a gift from Nemelex Xobeh
 81939 | Slime:5  | Entered Level 5 of the Pits of Slime
 83319 | Slime:5  | Noticed the Royal Jelly
 83330 | Slime:5  | Banished the Royal Jelly
 83492 | Slime:5  | Received a gift from Nemelex Xobeh
 83545 | Slime:5  | Found a viscous altar of Jiyva.
 83547 | Slime:5  | Found the +5 glaive of the Guard {elec, spectral}
 83588 | Slime:5  | Got a slimy rune of Zot
 83590 | Slime:5  | Identified the amulet of the Conjuring Gods {Reflect Dex+4
                  | SH+5}
 83615 | Slime:5  | Identified the +0 leather armour of Raunomoz {Fly Dex+3}
 83622 | Slime:5  | Identified the ring of Joama {rF+ rC+ Stlth+}
 84186 | Crypt:2  | Reached XP level 26. HP: 110/149 MP: 35/43
 84279 | Crypt:2  | Lost mutation: Your spells are a little easier to cast, but
                  | a little less powerful. [potion of mutation]
 84279 | Crypt:2  | Lost mutation: You sometimes lose your temper in combat.
                  | [potion of mutation]
 84279 | Crypt:2  | Gained mutation: Your muscles are strong. (Str +4, Int/Dex
                  | -1) [potion of mutation]
 84279 | Crypt:2  | Gained mutation: Your spells are a little harder to cast,
                  | but a little more powerful. [potion of mutation]
 84279 | Crypt:2  | Gained mutation: You have a pair of small horns on your
                  | head. [potion of mutation]
 84280 | Crypt:2  | Lost mutation: Your body sometimes deteriorates upon taking
                  | damage. [potion of mutation]
 84280 | Crypt:2  | Lost mutation: Your muscles are strong. (Str +4, Int/Dex
                  | -1) [potion of mutation]
 84280 | Crypt:2  | Gained mutation: You are weak. (Str -2) [potion of
                  | mutation]
 84280 | Crypt:2  | Gained mutation: Your skin changes colour to match your
                  | surroundings (Stealth+). [potion of mutation]
 84280 | Crypt:2  | Gained mutation: You are resistant to electric shocks.
                  | (rElec) [potion of mutation]
 84281 | Crypt:2  | Lost mutation: You have a pair of small horns on your head.
                  | [potion of mutation]
 84281 | Crypt:2  | Lost mutation: You are resistant to electric shocks.
                  | (rElec) [potion of mutation]
 84281 | Crypt:2  | Gained mutation: You have a somewhat thin skeletal
                  | structure. (Dex +2, Stealth+) [potion of mutation]
 84282 | Crypt:2  | Lost mutation: Your mind is acute. (Int +4, Str/Dex -1)
                  | [potion of mutation]
 84282 | Crypt:2  | Lost mutation: You are weak. (Str -2) [potion of mutation]
 84282 | Crypt:2  | Gained mutation: You are frail. (-10% HP) [potion of
                  | mutation]
 84282 | Crypt:2  | Gained mutation: You are strong-willed. (Will+) [potion of
                  | mutation]
 84283 | Crypt:2  | Lost mutation: Your spells are a little harder to cast, but
                  | a little more powerful. [potion of mutation]
 84283 | Crypt:2  | Lost mutation: You have a somewhat thin skeletal structure.
                  | (Dex +2, Stealth+) [potion of mutation]
 84283 | Crypt:2  | Lost mutation: You are strong-willed. (Will+) [potion of
                  | mutation]
 84283 | Crypt:2  | Gained mutation: You are partially covered in iridescent
                  | scales. (AC +2) [potion of mutation]
 84283 | Crypt:2  | Gained mutation: You occasionally shout uncontrollably at
                  | your foes. [potion of mutation]
 84283 | Crypt:2  | Gained mutation: You possess an exceptional clarity of
                  | mind. [potion of mutation]
 84284 | Crypt:2  | Lost mutation: You possess an exceptional clarity of mind.
                  | [potion of mutation]
 84284 | Crypt:2  | Lost mutation: You sometimes lose the ability to drink
                  | potions when taking damage. [potion of mutation]
 84284 | Crypt:2  | Lost mutation: Your skin changes colour to match your
                  | surroundings (Stealth+). [potion of mutation]
 84284 | Crypt:2  | Gained mutation: Your natural rate of healing is unusually
                  | fast. [potion of mutation]
 84285 | Crypt:2  | Lost mutation: You are frail. (-10% HP) [potion of
                  | mutation]
 84285 | Crypt:2  | Lost mutation: You occasionally shout uncontrollably at
                  | your foes. [potion of mutation]
 84285 | Crypt:2  | Gained mutation: Your muscles are strong. (Str +4, Int/Dex
                  | -1) [potion of mutation]
 84285 | Crypt:2  | Gained mutation: Your system is resistant to poisons.
                  | (rPois) [potion of mutation]
 84587 | Depths:1 | Voluntarily entered the Abyss.
 84636 | Abyss:1  | Found a corrupted altar of Lugonu.
 84785 | Abyss:1  | Found a corrupted altar of Lugonu.
 85075 | Abyss:1  | Found a corrupted altar of Lugonu.
 85162 | Abyss:1  | Found a corrupted altar of Lugonu.
 85248 | Abyss:1  | Found a corrupted altar of Lugonu.
 85320 | Depths:1 | Escaped the Abyss
 85327 | Depths:1 | Voluntarily entered the Abyss.
 85327 | Abyss:2  | Found a corrupted altar of Lugonu.
 85359 | Depths:1 | Escaped the Abyss
 85361 | Depths:1 | Voluntarily entered the Abyss.
 85394 | Abyss:2  | Received a gift from Nemelex Xobeh
 85570 | Abyss:2  | Reached skill level 27 in Dodging
 85793 | Abyss:3  | Received a gift from Nemelex Xobeh
 85823 | Depths:1 | Escaped the Abyss
 85887 | Depths:1 | Voluntarily entered the Abyss.
 85990 | Abyss:3  | Found a corrupted altar of Lugonu.
 86019 | Depths:1 | Escaped the Abyss
 86021 | Depths:1 | Voluntarily entered the Abyss.
 86264 | Depths:1 | Escaped the Abyss
 86297 | Depths:1 | Voluntarily entered the Abyss.
 86718 | Abyss:3  | Received a gift from Nemelex Xobeh
 86722 | Depths:1 | Escaped the Abyss
 86727 | Depths:1 | Voluntarily entered the Abyss.
 86920 | Abyss:3  | Paralysed by something for 1 turns
 87416 | Abyss:3  | Got an abyssal rune of Zot
 87466 | Depths:1 | Escaped the Abyss
 87577 | Zot:1    | Entered Level 1 of the Realm of Zot
 87633 | Zot:1    | Reached skill level 10 in Unarmed Combat
 87991 | Zot:1    | Noticed an orb of fire
 87998 | Zot:1    | Gained mutation: Your body sometimes deteriorates upon
                  | taking damage. [an orb of fire]
 87999 | Zot:1    | Killed an orb of fire
 88135 | Zot:1    | Reached XP level 27. HP: 156/156 MP: 37/43
 88497 | Zot:1    | Learned a level 2 spell: Blink
 88594 | Zot:1    | Received a gift from Nemelex Xobeh
 88996 | Zot:2    | Gained mutation: Your magical capacity is low. (-10% MP)
                  | [mutagenic glow]
 89812 | Zot:2    | Noticed an ancient lich
 89820 | Zot:2    | Killed an ancient lich
 89932 | Zot:2    | Received a gift from Nemelex Xobeh
 90809 | Zot:3    | Received a gift from Nemelex Xobeh
 91541 | Zot:3    | You fall into a shaft and drop 1 floor!
 91650 | Zot:4    | Noticed Parghit
 91851 | Zot:3    | Received a gift from Nemelex Xobeh
 92283 | Zot:4    | Noticed Grunn
 92285 | Zot:4    | Noticed an orb of fire
 92288 | Zot:4    | Gained mutation: Your body often deteriorates upon taking
                  | damage. [an orb of fire]
 92660 | Zot:4    | Killed Parghit
 92822 | Zot:4    | Found a runed translucent gate.
 92822 | Zot:4    | Found a runed translucent gate.
 92824 | Zot:4    | Found a runed translucent gate.
 92824 | Zot:4    | Noticed Rennog's ghost (master TrFi)
 92825 | Zot:4    | Noticed a dread lich
 92826 | Zot:4    | Noticed a dread lich
 92855 | Zot:4    | Received a gift from Nemelex Xobeh
 93039 | Zot:4    | Found a radiant altar of Vehumet.
 93042 | Zot:4    | Identified the +8 glaive of the Countless Artists {freeze,
                  | Dex+4}
 93043 | Zot:4    | Found a transporter.
 93103 | Zot:4    | Noticed an ancient lich
 93260 | Zot:4    | Gained mutation: You are frail. (-10% HP) [an orb of fire]
 93266 | Zot:4    | Killed an orb of fire
 93332 | Zot:4    | Received a gift from Nemelex Xobeh
 93378 | Zot:4    | Lost mutation: Your magical capacity is low. (-10% MP)
                  | [potion of mutation]
 93378 | Zot:4    | Lost mutation: You occasionally lose the ability to read
                  | scrolls when taking damage. [potion of mutation]
 93378 | Zot:4    | Lost mutation: You are frail. (-10% HP) [potion of
                  | mutation]
 93677 | Zot:5    | Entered Level 5 of the Realm of Zot
 94573 | Zot:5    | Noticed a dread lich
 94769 | Zot:5    | Killed a dread lich
 94894 | Zot:5    | Noticed an ancient lich
 94900 | Zot:5    | Killed an ancient lich
 95005 | Zot:5    | Noticed an orb of fire
 95017 | Zot:5    | Killed an orb of fire
 95425 | Zot:5    | Noticed an orb of fire
 95556 | Zot:5    | Gained mutation: Your health recovers twice as slowly from
                  | being drained. [an orb of fire]
 95558 | Zot:5    | Killed an orb of fire
 96112 | Zot:5    | Mangled by an Orb Guardian
 96112 | Zot:5    | Lost a life (1 life remaining)
 96163 | Zot:5    | Noticed an orb of fire
 96167 | Zot:5    | Gained mutation: You occasionally lose the ability to read
                  | scrolls when taking damage. [an orb of fire]
 96169 | Zot:5    | Killed an orb of fire
 96170 | Zot:5    | Noticed an ancient lich
 96172 | Zot:5    | Killed an ancient lich
 96362 | Zot:5    | Reached skill level 27 in Fighting
 96496 | Zot:5    | Noticed a dread lich
 96498 | Zot:5    | Killed a dread lich
 96499 | Zot:5    | Reached skill level 10 in Invocations
 96635 | Zot:5    | Noticed an ancient lich
 96638 | Zot:5    | Killed an ancient lich
 96672 | Zot:5    | Received a gift from Nemelex Xobeh
 96847 | Zot:5    | Got the Orb of Zot
 97142 | Depths:1 | Noticed Efra the pandemonium lord
 97602 | D:$      | Escaped with the Orb!

Illustrated notes

Levels and vault maps discovered:
D:1:      ncdulo_halloftheorcs, layout_rooms
D:2:      minmay_general_purpose_star, layout_basic, uniq_jessica
D:3:      layout_basic, nicolae_overflow_ecumenical_swirl, serial_bayou_pond_d,
          grunt_ministairs_10, minmay_misc_feat_tower, minmay_stone_trees_small,
          uniq_robin
D:4:      layout_loops_corners, nicolae_elyvilon_temple_path, temple_hall
D:5:      layout_loops_cross, grunt_temple_overflow_holy_war,
          nicolae_overflow_hallway_of_the_gods
D:6:      layout_basic, uniq_blork_the_orc, uniq_edmund
D:7:      layout_loops_ring, serial_shops, shop_fountains,
          minmay_fractal_squares_diagonal_5
D:8:      layout_rooms, minmay_misc_feat_diagonals, grunt_potential,
          uniq_maurice
D:9:      layout_rooms, hellmonk_ghost_happy_afterlife
D:10:     layout_roguey, kennysheep_little_box, serial_shops, shop, uniq_fannar
D:11:     layout_long_grid, david_lair_generic, orc_0_dummy,
          gammafunk_ghost_spectres, st_stairs_12, kb_rosetta, uniq_amaemon
D:12:     layout_long_grid, enter_trove_6, uniq_snorg
D:13:     minmay_razor_zed, layout_layer_cave, uniq_azrael
D:14:     layout_cross, erik_vaults_1, grunt_qazlal_clouds
D:15:     grunt_enter_depths_snipers, layout_cave_pools, chequers_arboretum,
          hex_tiny, drop_trap
Temple:   dpeg_three_leaves_temple
Lair:1:   layout_cave_pods, uniq_urug
Lair:2:   layout_cave_pods, minmay_shoals_entry_beasts,
          minmay_snake_entry_guardpost_large, chequers_serial_rivers_micro_c,
          grunt_megastairs_1
Lair:3:   layout_cave_shapes, lightli_volcano_entry_magma_tube, st_stairs_10
Lair:4:   layout_gridlike, slime_entry_1
Lair:5:   gammafunk_lair_ancient_temple, layout_misc_corridors,
          chequers_serial_rivers_marsh
Shoals:1: layout_shoals, uniq_frances
Shoals:2: layout_shoals, argonaut_gorgonesque,
          nicolae_shoals_former_cling_halls, uniq_polyphemus
Shoals:3: nicolae_shoals_mermall, layout_shoals, nicolae_shop_firing_range,
          uniq_mlioglotl
Shoals:4: shoals_end_hellmonk_lost_city
Snake:1:  layout_basic, basic_altar, portal_ice_cave_entry_dragon, uniq_nikola
Snake:2:  layout_onion, serial_shops, shop, nicolae_integral_box
Snake:3:  layout_misc_corridors, basic_altar, lemuel_fruit_tree
Snake:4:  snake_pit, layout_misc_corridors, nicolae_snake_bzzzt
Slime:1:  layout_caves
Slime:2:  layout_caves, nicolae_slime_barrier, dissolution_awaits
Slime:3:  nicolae_slime_infinislime, layout_caves
Slime:4:  layout_caves, cheibrodos_slime_lost_civilization_4
Slime:5:  slime_pit_nicolae_royal_road_to_ruin
Orc:1:    layout_diamond_mine, serial_shops, nicolae_shop_pleasant_corner_grove,
          nicolae_orc_lava_room, uniq_josephine
Orc:2:    st_orc_ogre_mass, layout_caves
Elf:1:    elf_arrival_001, layout_loops_corners, serial_shops,
          nicolae_take_the_stairs, nicolae_elf_shapeshifter_party
Elf:2:    elven_hall_of_blades_hangedman_alternative
          [nicolae_blade_entry_diamond_columns], layout_loops_corners,
          serial_shops, shop, corexii_leaking_fountain, minmay_crystal_room
Elf:3:    minmay_elf_hall_quartered_circle, layout_onion_city,
          ebering_ghost_inner_flame, guppyfry_elf_castle
Vaults:1: nicolae_vaults_trapezoid_layered, vaults_room_fours,
          nicolae_vaults_murderbox, v_misc_5, hangedman_vaults_slice,
          ontoclasm_vaults_eye, nicolae_vaults_doubleplus_tesselated,
          nicolae_vaults_layer_cake_slice, nicolae_vaults_tetromino_L_1,
          hangedman_vaults_impose, nicolae_vaults_six-pack,
          layout_vaults_big_room
Vaults:2: vaults_room_corners, nicolae_vaults_display_case,
          nicolae_vaults_little_squares_1, nicolae_vaults_border_crossing,
          nicolae_vaults_theta, vaults_room_corners, ontoclasm_vaults_ligature,
          nicolae_vaults_gold_heap, nicolae_vaults_diamond_2,
          layout_vaults_omnigrid, uniq_bai_suzhen, uniq_saint_roka
Vaults:3: minmay_crypt_entry_simple_corners, ontoclasm_vaults_gateway,
          nicolae_vaults_circle_grid_a, nicolae_vaults_ellipses_ellipsis,
          nicolae_vaults_hallways_thing, nicolae_vaults_disjoint_gnomons,
          nicolae_vaults_shelves_hall, hangedman_vaults_nails,
          nicolae_vaults_diamond_1, vaults_room_pools,
          grunt_vaults_hallway_long, vaults_dpeg_hooks,
          minmay_guarded_unrand_sword_of_power, layout_vaults_big_cross,
          uniq_boris, uniq_margery, uniq_zenata
Vaults:4: ontoclasm_vaults_bender, v_misc_2, grunt_vaults_hallway_short,
          vaults_dpeg_diagonal, nicolae_vaults_asterisk, v_rooms_2,
          vaults_room_guarded_vault, layout_vaults_omnibox
Vaults:5: uniq_xtahua
Crypt:1:  layout_gridlike, lemuel_upstairs_altar, grunt_crypt_arrival_webbed
Crypt:2:  layout_regular_city, pandoras_box_mu, uniq_josephina
Crypt:3:  david_glass_crypt, layout_gridlike, tomb_entry_forgotten_bobbens,
          nicolae_crypt_ex-fountain
Depths:1: layout_basic, abyss_entry_crystal, hangedman_decor_lopped,
          hellmouth_2, nicolae_water_bricks, nicolae_uskayaw_dance_hall
Depths:2: regret_index_qazlal_generations, layout_small_grid, enter_ziggurat_f,
          nemelex_diamond_rough_becter, rand_demon_pan_entry_4,
          grunt_hell_entry_dis_mu
Depths:3: minmay_the_grid_octo_tiled_squarecenter_mashed
          [minmay_the_grid_octo_chip, minmay_the_grid_octo_pinwheel,
          minmay_the_grid_octo_fat_diamond, minmay_the_grid_octo_77,
          minmay_the_grid_square_5x5_megaprize_diamond,
          minmay_the_grid_square_5x5_seven, minmay_the_grid_square_5x5_moneybag,
          minmay_the_grid_square_5x5_two,
          minmay_the_grid_square_5x5_misaligned], layout_basic,
          nicolae_dithmenos_the_darkroom, grunt_pan_entry_zigzag,
          hangedman_geh_valley, abyss_entry_flame_altar, lightli_corner_chamber
Depths:4: grunt_zot_entry_tricorne, layout_gridlike, hell_entry, abyss_entry,
          serial_glass, glass_columns_c, glass_columns_a, glass_columns_a,
          glass_columns_a, mu_enter_wizlab_6, lemuel_angel_altar,
          grunt_megastairs_2
Zot:1:    layout_onion_interference, regret_index_zotdec_zees, st_stairs_11,
          skrybe_zot_glass_3, grunt_megastairs_4
Zot:2:    layout_concentric_octagons, lemuel_lich_library
Zot:3:    kennysheep_spiral_hall, layout_cathedral_of_symmetry
Zot:4:    gammafunk_sealed_library, layout_cathedral_of_symmetry,
          gammafunk_ghost_necromancy, hangedman_zot_decor_scrapings,
          uniq_parghit, uniq_grunn
Zot:5:    layout_basic, kennysheep_underground_church

Skill      XL: |  1  2  3  4  5  6  7  8  9 10 11 12 13 14 15 16 17 18 19 20 21 22 23 24 25 26 27 |
---------------+----------------------------------------------------------------------------------+-----
Alchemy        | 3 4 5 8 9 |  9.0
Conjurations   | 1 2 3 4 5 7 8 9 10 12 | 12.0
Air Magic      | 1 2 3 4 5 7 8 |  8.0
Dodging        | 6 8 13 16 17 21 22 23 24 26 27 | 27.0
Spellcasting   | 3 5 6 7 9 12 14 15 | 15.0
Fire Magic     | 3 |  3.0
Fighting       | 3 4 9 11 14 15 16 18 20 27 | 27.0
Ice Magic      | 5 7 8 12 | 12.0
Invocations    | 9 11 | 11.4
Earth Magic    | 7 9 13 17 21 24 25 | 25.0
Shapeshifting  | 9 10 | 10.0
Unarmed Combat | 7 9 10 | 10.0
Stealth        | |  2.6

Action                     |  1- 3 |  4- 6 |  7- 9 | 10-12 | 13-15 | 16-18 | 19-21 | 22-24 | 25-27 || total
---------------------------+-------+-------+-------+-------+-------+-------+-------+-------+-------++-------
  Melee: Unarmed           |     8 |    29 |    23 |    81 |   197 |   106 |   140 |    45 |   579 ||  1208
         Bite              |     2 |     4 |     6 |    15 |    46 |    27 |    32 |    10 |   131 ||   273
         Punch             |       |       |       |       |     6 |       |    11 |     2 |    62 ||    81
   Cast: Sting             |    53 |   116 |    55 |    54 |     9 |       |       |       |       ||   287
         Mercury Vapours   |     4 |    21 |     9 |       |       |       |       |       |       ||    34
         Olgreb's Toxic Ra |       |       |    47 |   148 |   170 |    21 |    12 |       |       ||   398
         Mephitic Cloud    |       |       |     8 |    20 |    18 |     6 |     2 |       |       ||    54
         Sticky Flame      |       |       |     3 |    22 |    58 |    34 |    19 |     4 |       ||   140
         Fulminant Prism   |       |       |       |     8 |    43 |    82 |     6 |     1 |     1 ||   141
         Freezing Cloud    |       |       |       |    22 |   161 |    81 |    21 |     1 |       ||   286
         Ozocubu's Armour  |       |       |       |       |    55 |    53 |    11 |     3 |     2 ||   124
         Sculpt Simulacrum |       |       |       |       |     7 |     6 |     1 |       |       ||    14
         Permafrost Erupti |       |       |       |       |       |   236 |   440 |   411 |   327 ||  1414
         Irradiate         |       |       |       |       |       |    22 |    47 |    30 |    30 ||   129
         Arcjolt           |       |       |       |       |       |       |    70 |    24 |    26 ||   120
         Ozocubu's Refrige |       |       |       |       |       |       |    60 |    54 |    67 ||   181
         Lee's Rapid Decon |       |       |       |       |       |       |    43 |   121 |   104 ||   268
         Lehudib's Crystal |       |       |       |       |       |       |       |    48 |   268 ||   316
         Shatter           |       |       |       |       |       |       |       |    74 |   154 ||   228
         Lesser Beckoning  |       |       |       |       |       |       |       |       |     1 ||     1
         Blink             |       |       |       |       |       |       |       |       |     2 ||     2
 Invoke: Draw Summoning    |       |     1 |       |     3 |       |     9 |     2 |     1 |     8 ||    24
         Draw Destruction  |       |       |       |    21 |     6 |    18 |    13 |     1 |    10 ||    69
         Deal Four         |       |       |       |       |     1 |     3 |     4 |       |       ||     8
         Triple Draw       |       |       |       |       |     1 |       |       |       |       ||     1
         Draw Escape       |       |       |       |       |       |     2 |       |     5 |    20 ||    27
         Stack Five        |       |       |       |       |       |       |       |       |     2 ||     2
         Draw Stack        |       |       |       |       |       |       |       |       |     5 ||     5
  Evoke: Wand              |       |       |       |       |       |       |       |       |     2 ||     2
    Use: Scroll            |       |     1 |    13 |     5 |     9 |     6 |    11 |     7 |    12 ||    64
         Potion            |       |       |       |       |     1 |     2 |     3 |     1 |    21 ||    28
   Stab: Confused          |       |       |       |     3 |     2 |     5 |       |       |       ||    10
         Distracted        |       |       |       |     1 |     1 |       |     1 |       |     2 ||     5
         Sleeping          |       |       |       |       |     1 |       |     1 |       |       ||     2
         Petrified         |       |       |       |       |       |       |       |       |    11 ||    11
 Armour: Skin              |     2 |    28 |    25 |    77 |   142 |   180 |   150 |   114 |   360 ||  1078
  Dodge: Dodged            |    16 |    55 |    46 |   160 |   467 |   462 |   516 |   258 |  1235 ||  3215
   Form: Beast             |       |       |       |       |       |       |     1 |       |       ||     1
         Blade             |       |       |       |       |       |       |     1 |       |       ||     1

Table legend: (Time is in decaauts)
 A = Elapsed time spent in this place.
 B = Non-inter-level travel time spent in this place.
 C = Inter-level travel time spent in this place.
 D = Time resting spent in this place.
 E = Time spent auto-exploring this place.
 F = Levels seen in this place.
 G = Mean time per level.
                   A        B        C        D        E       F      G
               +--------+--------+--------+--------+--------+-----+--------+
         Total |  98070 |  87726 |  10344 |  15937 |  56454 |  69 | 1421.3 |
       Dungeon |  22290 |  19466 |   2824 |   2582 |  13880 |  15 | 1486.0 |
        Temple |      1 |      1 |      0 |      0 |      0 |   1 |    1.0 |
          Lair |   8688 |   7700 |    988 |    895 |   5646 |   5 | 1737.6 |
        Shoals |   5554 |   5227 |    327 |    542 |   3861 |   4 | 1388.5 |
     Snake Pit |   5365 |   4954 |    411 |    780 |   3306 |   4 | 1341.2 |
    Slime Pits |   4966 |   4642 |    324 |    753 |   3271 |   5 |  993.2 |
  Orcish Mines |   2001 |   1806 |    195 |    148 |   1302 |   2 | 1000.5 |
   Elven Halls |   6033 |   5494 |    539 |   1167 |   3517 |   3 | 2011.0 |
        Vaults |  13062 |  11258 |   1804 |   2533 |   7005 |   5 | 2612.4 |
         Crypt |   6543 |   5875 |    668 |   1511 |   3260 |   3 | 2181.0 |
        Depths |   9653 |   8403 |   1250 |   2051 |   5006 |   4 | 2413.2 |
           Zot |   8834 |   7824 |   1010 |   1298 |   4826 |   5 | 1766.8 |
         Abyss |   2716 |   2716 |      0 |    749 |    864 |   9 |  301.8 |
         Trove |     81 |     81 |      0 |      0 |     70 |   1 |   81.0 |
      Ice Cave |   1108 |   1108 |      0 |    394 |    210 |   1 | 1108.0 |
       Volcano |    370 |    370 |      0 |    184 |    152 |   1 |  370.0 |
        Wizlab |    794 |    794 |      0 |    348 |    276 |   1 |  794.0 |
               +--------+--------+--------+--------+--------+-----+--------+

Top non-repeatable levels by time:
Vaults:2: 3457 daAuts
    D:11: 3112 daAuts
Depths:2: 3105 daAuts
Vaults:4: 3031 daAuts
   Zot:5: 2811 daAuts
   Elf:2: 2810 daAuts
Vaults:3: 2739 daAuts
 Crypt:3: 2738 daAuts
  Lair:2: 2599 daAuts
 Crypt:1: 2402 daAuts
    D:13: 2368 daAuts
Vaults:1: 2279 daAuts
Depths:4: 2245 daAuts
Depths:3: 2190 daAuts
Depths:1: 2112 daAuts
